AoeStats
← tom

Arabia

510376059Analyzed
1v1 RM · 1d ago on Sep 30, 2026· 43m 40s· 2 players
Game mode
Random Map
Map size
Tiny (2 player)
Population
200
Speed
Normal
Resources
Standard
Victory
Conquest
Starting age
Dark Age
Ending age
Imperial Age
RankedLock teamsTeams togetherTeam positionsShared explorationLock speedFull tech treeHidden civsTurbo modeCheats
Victory
Defeat
🇧🇪 Bulgarians · Belgium
936
+17
🇷🇺 Britons · Russia
962
-17
tom
7:33 Loom
11:10 Feudal Age
13:22 Forging
14:01 Double-Bit Axe
20:18 Castle Age
19:34 Bloodlines
19:48 Horse Collar
20:37 Scale Barding Armor
22:38 Bow Saw
22:48 Elite Skirmisher
28:02 Fletching
28:13 Padded Archer Armor
33:49 Gold Mining
36:43 Imperial Age
MaxopkuH
5:03 Loom
13:10 Feudal Age
13:38 Horse Collar
13:48 Double-Bit Axe
22:30 Castle Age
21:11 Scale Mail Armor
21:03 Fletching
22:14 Forging
23:28 Wheelbarrow
22:37 Crossbowman
22:44 Man-at-Arms
23:25 Squires
23:50 Heavy Plow
24:32 Gambesons
25:06 Bow Saw
25:01 Long Swordsman
25:27 Pikeman
27:38 Chain Mail Armor
33:41 Gold Mining
38:02 Bodkin Arrow
38:42 Iron Casting
Connection lost

Rejoining the realm…

Still unreachable

The connection could not be restored.

Session expired

The server has moved on; the page needs a fresh start.